[ AOE2 MATCH · #478144993 ]
UnrankedVietnamese vs Tupi
[ REPLAY ANALYSIS · EXTRACTED FROM THE RECORDED GAME ]
Feudal
—
Castle
—
Imperial
—
| APM avg | 36.5 |
| APM peak | 66 |
| eAPM avg | 19.7 |
| Villagers / military | 38 / 8 |
Focus
⚔️ 30.2% · 🌾 69.8%
Spearman ×8
Feudal
—
Castle
—
Imperial
—
| APM avg | 49.5 |
| APM peak | 80 |
| eAPM avg | 24.9 |
| Villagers / military | 52 / 0 |
Focus
⚔️ 19.4% · 🌾 80.6%
Feudal
10:36
Castle
—
Imperial
—
| APM avg | 36.9 |
| APM peak | 84 |
| eAPM avg | 21.6 |
| Villagers / military | 16 / 0 |
Focus
⚔️ 22.2% · 🌾 77.8%
Feudal
10:46
Castle
—
Imperial
—
| APM avg | 51.3 |
| APM peak | 99 |
| eAPM avg | 14.2 |
| Villagers / military | 46 / 8 |
Focus
⚔️ 22.4% · 🌾 77.6%
Scout Cavalry ×8
Match map
Initial resources + every placement click. Lines = walls · curves = elevation contours. ◆ gold · ⬟ stone · ● berries · ✦ relic · ◌ wall gap
Your base· Open — unwalled flank
mary's base· Open — unwalled flank
KidColombia7's base· Open — unwalled flank
游侠归来's base· Open — unwalled flank
Smoothed initial terrain · ◌ = detected wall gap · hover for details
Inputs per minute
— TicketedZero13 - - mary
Build order — TicketedZero13
85 actions detected in the replay
| 0:01 | Create | Villager (Male) |
| 0:01 | Create | Villager (Male) |
| 0:01 | Create | Villager (Male) |
| 0:02 | Create | Villager (Male) |
| 0:02 | Create | Villager (Male) |
| 0:04 | Build | House |
| 0:07 | Build | House |
| 0:26 | Build | Palisade Wall |
| 0:32 | Build | Palisade Wall |
| 0:44 | Build | Palisade Wall |
| 0:46 | Build | Palisade Wall |
| 1:02 | Build | Palisade Wall |
| 1:04 | Build | Palisade Wall |
| 1:20 | Build | Palisade Wall |
| 1:33 | Create | Villager (Male) |
| 1:33 | Create | Villager (Male) |
| 1:40 | Build | Palisade Wall |
| 1:42 | Build | Palisade Wall |
| 1:54 | Build | Lumber Camp |
| 2:04 | Build | Palisade Wall |
| 2:08 | Create | Villager (Male) |
| 2:08 | Create | Villager (Male) |
| 2:21 | Build | Palisade Wall |
| 2:30 | Create | Villager (Male) |
| 2:30 | Create | Villager (Male) |
| 3:15 | Create | Villager (Male) |
| 3:45 | Create | Villager (Male) |
| 3:45 | Create | Villager (Male) |
| 4:07 | Create | Villager (Male) |
| 4:08 | Create | Villager (Male) |
| 4:17 | Create | Villager (Male) |
| 4:17 | Create | Villager (Male) |
| 4:17 | Create | Villager (Male) |
| 4:43 | Create | Villager (Male) |
| 4:43 | Create | Villager (Male) |
| 5:22 | Build | House |
| 6:38 | Create | Villager (Male) |
| 6:41 | Build | Mill |
| 6:43 | Create | Villager (Male) |
| 6:43 | Create | Villager (Male) |
| 7:02 | Create | Villager (Male) |
| 7:02 | Create | Villager (Male) |
| 7:02 | Create | Villager (Male) |
| 7:37 | Create | Villager (Male) |
| 7:40 | Create | Villager (Male) |
| 7:40 | Create | Villager (Male) |
| 8:40 | Research | Loom |
| 10:05 | Research | Feudal Age |
| 11:18 | Build | Barracks |
| 11:23 | Build | House |
| 11:32 | Build | Farm |
| 11:32 | Build | Farm |
| 11:32 | Build | Farm |
| 11:33 | Build | Farm |
| 11:33 | Build | Farm |
| 11:33 | Build | Farm |
| 11:33 | Build | Farm |
| 11:33 | Build | Farm |
| 11:48 | Build | House |
| 12:13 | Build | House |
| 12:18 | Build | House |
| 12:21 | Build | Palisade Wall |
| 12:25 | Create | Spearman |
| 12:26 | Create | Spearman |
| 12:26 | Create | Spearman |
| 12:26 | Create | Spearman |
| 12:26 | Create | Spearman |
| 12:30 | Build | Farm |
| 12:43 | Build | House |
| 12:59 | Create | Villager (Male) |
| 13:03 | Build | House |
| 13:05 | Build | Palisade Wall |
| 13:13 | Create | Villager (Male) |
| 13:13 | Create | Villager (Male) |
| 13:14 | Create | Villager (Male) |
| 13:36 | Create | Spearman |
| 13:36 | Create | Spearman |
| 15:00 | Create | Villager (Male) |
| 15:00 | Create | Villager (Male) |
| 15:01 | Create | Villager (Male) |
| 15:04 | Research | Man-at-Arms (upgrade) |
| 15:39 | Build | Farm |
| 15:54 | Build | Farm |
| 16:54 | Create | Villager (Male) |
| 17:02 | Create | Spearman |
Build order — mary
73 actions detected in the replay
| 0:00 | Create | Villager (Male) |
| 0:02 | Build | House |
| 0:02 | Build | House |
| 0:14 | Create | Villager (Male) |
| 0:14 | Create | Villager (Male) |
| 0:14 | Create | Villager (Male) |
| 0:14 | Create | Villager (Male) |
| 1:12 | Create | Villager (Male) |
| 1:12 | Create | Villager (Male) |
| 1:31 | Create | Villager (Male) |
| 2:15 | Build | Settlement |
| 2:24 | Create | Villager (Male) |
| 2:25 | Create | Villager (Male) |
| 2:25 | Create | Villager (Male) |
| 2:25 | Create | Villager (Male) |
| 2:47 | Create | Villager (Male) |
| 3:19 | Create | Villager (Male) |
| 3:34 | Create | Villager (Male) |
| 4:23 | Create | Villager (Male) |
| 4:24 | Research | Loom |
| 4:24 | Research | Loom |
| 5:08 | Create | Villager (Male) |
| 5:09 | Create | Villager (Male) |
| 5:09 | Create | Villager (Male) |
| 5:09 | Create | Villager (Male) |
| 5:09 | Create | Villager (Male) |
| 5:09 | Create | Villager (Male) |
| 5:43 | Create | Villager (Male) |
| 5:43 | Create | Villager (Male) |
| 5:44 | Create | Villager (Male) |
| 5:44 | Create | Villager (Male) |
| 6:36 | Build | House |
| 7:11 | Build | Town Center |
| 7:23 | Build | Palisade Wall |
| 7:25 | Build | Palisade Wall |
| 8:24 | Create | Villager (Male) |
| 8:25 | Create | Villager (Male) |
| 8:25 | Create | Villager (Male) |
| 8:25 | Create | Villager (Male) |
| 8:25 | Create | Villager (Male) |
| 10:55 | Create | Villager (Male) |
| 10:55 | Create | Villager (Male) |
| 11:30 | Create | Villager (Male) |
| 11:30 | Create | Villager (Male) |
| 11:51 | Create | Villager (Male) |
| 11:52 | Create | Villager (Male) |
| 11:52 | Create | Villager (Male) |
| 12:01 | Build | House |
| 13:30 | Create | Villager (Male) |
| 13:31 | Create | Villager (Male) |
| 13:31 | Create | Villager (Male) |
| 13:31 | Create | Villager (Male) |
| 13:31 | Create | Villager (Male) |
| 13:34 | Build | Farm |
| 13:36 | Build | Farm |
| 13:40 | Create | Villager (Male) |
| 13:44 | Build | House |
| 13:48 | Build | House |
| 13:54 | Build | Palisade Wall |
| 14:30 | Create | Villager (Male) |
| 14:31 | Create | Villager (Male) |
| 14:31 | Create | Villager (Male) |
| 14:34 | Build | Farm |
| 14:34 | Build | Farm |
| 14:35 | Build | Farm |
| 14:59 | Create | Villager (Male) |
| 14:59 | Create | Villager (Male) |
| 14:59 | Create | Villager (Male) |
| 15:02 | Build | Farm |
| 15:22 | Create | Villager (Male) |
| 15:43 | Create | Villager (Male) |
| 16:55 | Build | Settlement |
| 17:19 | Research | Feudal Age |
Build order — KidColombia7
27 actions detected in the replay
| 0:02 | Build | House |
| 0:03 | Build | House |
| 0:03 | Create | Villager (Male) |
| 0:04 | Create | Villager (Male) |
| 0:04 | Create | Villager (Male) |
| 0:04 | Create | Villager (Male) |
| 1:34 | Create | Villager (Male) |
| 1:54 | Build | Lumber Camp |
| 2:08 | Create | Villager (Male) |
| 2:18 | Create | Villager (Male) |
| 2:43 | Create | Villager (Male) |
| 3:09 | Create | Villager (Male) |
| 3:40 | Create | Villager (Male) |
| 3:54 | Build | House |
| 3:55 | Build | House |
| 3:59 | Create | Villager (Male) |
| 4:41 | Build | House |
| 5:01 | Create | Villager (Male) |
| 5:22 | Create | Villager (Male) |
| 5:43 | Create | Villager (Male) |
| 5:44 | Create | Villager (Male) |
| 6:14 | Build | Mill |
| 6:28 | Create | Villager (Male) |
| 6:37 | Research | Loom |
| 8:26 | Research | Feudal Age |
| 10:36 | Age | Feudal Age |
| 14:16 | Build | Town Center |
Build order — 游侠归来
84 actions detected in the replay
| 0:00 | Create | Villager (Male) |
| 0:00 | Create | Villager (Male) |
| 0:01 | Create | Villager (Male) |
| 0:01 | Create | Villager (Male) |
| 0:01 | Create | Villager (Male) |
| 0:02 | Build | House |
| 0:03 | Build | House |
| 1:23 | Create | Villager (Male) |
| 2:03 | Create | Villager (Male) |
| 2:03 | Create | Villager (Male) |
| 2:31 | Create | Villager (Male) |
| 2:58 | Create | Villager (Male) |
| 3:14 | Create | Villager (Male) |
| 3:42 | Create | Villager (Male) |
| 3:43 | Create | Villager (Male) |
| 3:51 | Create | Villager (Male) |
| 3:52 | Create | Villager (Male) |
| 3:52 | Create | Villager (Male) |
| 4:04 | Create | Villager (Male) |
| 4:05 | Create | Villager (Male) |
| 4:24 | Build | House |
| 4:40 | Create | Villager (Male) |
| 4:42 | Create | Villager (Male) |
| 4:44 | Build | Lumber Camp |
| 5:11 | Create | Villager (Male) |
| 5:35 | Create | Villager (Male) |
| 5:35 | Create | Villager (Male) |
| 5:46 | Build | House |
| 5:54 | Create | Villager (Male) |
| 6:10 | Create | Villager (Male) |
| 6:11 | Create | Villager (Male) |
| 6:11 | Create | Villager (Male) |
| 6:11 | Create | Villager (Male) |
| 6:34 | Create | Villager (Male) |
| 6:35 | Create | Villager (Male) |
| 6:35 | Create | Villager (Male) |
| 7:54 | Build | Mill |
| 7:56 | Research | Loom |
| 8:24 | Research | Feudal Age |
| 9:33 | Build | House |
| 9:46 | Create | Villager (Male) |
| 10:24 | Build | Barracks |
| 10:35 | Create | Villager (Male) |
| 10:46 | Age | Feudal Age |
| 10:50 | Create | Villager (Male) |
| 10:52 | Build | Blacksmith |
| 11:08 | Build | Stable |
| 11:12 | Create | Villager (Male) |
| 11:18 | Build | Mining Camp |
| 11:29 | Build | Farm |
| 11:40 | Create | Villager (Male) |
| 11:41 | Create | Villager (Male) |
| 11:42 | Research | Forging |
| 11:48 | Create | Scout Cavalry |
| 11:48 | Create | Scout Cavalry |
| 12:11 | Research | Wheelbarrow |
| 12:22 | Build | House |
| 12:33 | Build | Farm |
| 12:34 | Create | Villager (Male) |
| 12:56 | Create | Villager (Male) |
| 12:57 | Build | House |
| 13:02 | Build | Watch Tower |
| 13:08 | Create | Scout Cavalry |
| 13:08 | Create | Scout Cavalry |
| 13:16 | Build | Watch Tower |
| 13:22 | Research | Scale Barding Armor |
| 13:43 | Create | Scout Cavalry |
| 13:45 | Create | Villager (Male) |
| 13:48 | Build | Farm |
| 13:49 | Build | Farm |
| 14:43 | Create | Villager (Male) |
| 14:44 | Create | Villager (Male) |
| 14:49 | Create | Scout Cavalry |
| 15:12 | Research | Fletching |
| 15:44 | Create | Scout Cavalry |
| 15:44 | Create | Scout Cavalry |
| 15:47 | Create | Villager (Male) |
| 15:47 | Create | Villager (Male) |
| 15:52 | Build | Farm |
| 15:53 | Build | Lumber Camp |
| 16:14 | Build | Farm |
| 16:33 | Create | Villager (Male) |
| 16:59 | Create | Villager (Male) |
| 17:03 | Build | Stable |
Match timeline
| 0:26 | TicketedZero13 · wall_segment Palisade Wall x1 |
| 0:32 | TicketedZero13 · wall_segment Palisade Wall x1 |
| 0:44 | TicketedZero13 · wall_segment Palisade Wall x1 |
| 0:46 | TicketedZero13 · wall_segment Palisade Wall x1 |
| 1:02 | TicketedZero13 · wall_segment Palisade Wall x1 |
| 1:04 | TicketedZero13 · wall_segment Palisade Wall x1 |
| 1:20 | TicketedZero13 · wall_segment Palisade Wall x2 |
| 1:40 | TicketedZero13 · wall_segment Palisade Wall x1 |
| 1:42 | TicketedZero13 · wall_segment Palisade Wall x1 |
| 2:04 | TicketedZero13 · wall_segment Palisade Wall x1 |
| 2:21 | TicketedZero13 · wall_segment Palisade Wall x1 |
| 7:23 | mary · wall_segment Palisade Wall x1 |
| 7:25 | mary · wall_segment Palisade Wall x1 |
| 10:24 | 游侠归来 · first_building Barracks |
| 10:36 | KidColombia7 · age_up feudal |
| 10:46 | 游侠归来 · age_up feudal |
| 11:08 | 游侠归来 · first_building Stable |
| 11:18 | TicketedZero13 · first_building Barracks |
| 12:21 | TicketedZero13 · wall_segment Palisade Wall x1 |
| 13:05 | TicketedZero13 · wall_segment Palisade Wall x1 |
| 13:54 | mary · wall_segment Palisade Wall x1 |
| 17:32 | TicketedZero13 · resign |
[ AI ANALYSIS · 1 CREDIT ]
What really happened in this match?
Wolo.gg analyzes every decision: build order, eco, micro, common mistakes by bracket. Personalized analysis on WhatsApp or Discord in 30 seconds.
Civ guide
Vietnamese
Perfil
Jugador #2541717